 Dungeon Crawl Stone Soup version 0.30-a0-385-gfebfb9b408 (webtiles) character file.

Game seed: 18313652880825717456

150 qeuew the Chopper (level 5, -2/47 HPs)
             Began as a Hill Orc Fighter on Dec 2, 2022.
             Succumbed to an orc wizard's poison
             ... on level 3 of the Dungeon.
             The game lasted 00:02:31 (1801 turns).

qeuew the Chopper (Hill Orc Fighter)                Turns: 1801, Time: 00:02:31

Health: -2/47      AC:  7    Str: 21    XL:     5   Next: 32%
Magic:  5/5        EV:  9    Int:  8    God:
Gold:   82         SH:  0    Dex: 10    Spells: 4/4 levels left

rFire   . . .      SeeInvis .    a - +0 war axe
rCold   . . .      Faith    .    c - +0 buckler
rNeg    . . .      Spirit   .    b - +0 scale mail
rPois   .          Reflect  +    (no helmet)
rElec   .          Harm     .    (no cloak)
rCorr   .          Rampage  .    (no gloves)
Will    .....                    (no boots)
Stlth   ..........               l - amulet of reflection
HPRegen 0.27/turn                (no ring)
MPRegen 0.09/turn                (no ring)

@: confused, mighty, lethally poisoned (-2 -> -32)
A: no striking features
a: no special abilities


You were on level 3 of the Dungeon.
You visited 1 branch of the dungeon, and saw 3 of its levels.

You collected 82 gold pieces.

Inventory:

Hand Weapons
 a - a +0 war axe (weapon)
Armour
 b - a +0 scale mail (worn)
 c - a +0 buckler (worn)
Jewellery
 l - an amulet of reflection (around neck)
Scrolls
 j - a scroll of teleportation
Potions
 d - a potion of might


   Skills:
 + Level 4.4 Fighting
 * Level 4.6 Axes
 + Level 4.0 Armour
 + Level 1.3 Dodging
 + Level 3.9 Shields


You had 4 spell levels left.
You didn't know any spells.
Your spell library contained the following spells:

 Spells                   Type           Power      Damage    Failure   Level
 Sublimation of Blood     Necr           0%         N/A       92%         2
 Petrify                  Tmut/Erth      0%         N/A       100%        4
 Irradiate                Conj/Tmut      0%         3d11      100%        5


Dungeon Overview and Level Annotations

Branches:
Dungeon (3/15)

Altars:

Shops:
D:2 *


Message History

The dart slug bites you.
Unknown command.
You feel very mighty all of a sudden.
* * * LOW HITPOINT WARNING * * *
You feel very sick.
You hear some strange, mumbled words.
A magic dart appears from out of thin air!
The magic dart hits you.
* * * LOW HITPOINT WARNING * * *
The orc closely misses you. The dart slug barely misses you.
You feel much better.
You feel very sick. Something hits you.
You are more poisoned.
The orc hits you but does no damage. The dart slug launches a dart at you.
The slug dart hits you but does no damage.
You barely miss something. You slash the dart slug!
You kill the dart slug!
You feel very sick. Something hits you but does no damage.
You are lethally poisoned!
The orc barely misses you. The orc hits you but does no damage.
Something completely misses you.
You bump into the rock wall.
You feel very sick. Something hits you.
You are more poisoned.
The orc barely misses you.
Unknown command.
You bump into the rock wall.
* * * LOW HITPOINT WARNING * * *
You feel very sick. Something hits you.
* * * LOW HITPOINT WARNING * * *
You are more poisoned.
The orc hits you from afar with a +0 trident.
* * * LOW HITPOINT WARNING * * *
You miss something.
You die...

#..........#
#..........#
#..........#
#..........
........ .o...
#){# #@# #.###
#...# ## ###.#
#. #.## ..
#..# .# ##.#
#.#
####.##..#.#
###..........#


You could see an orc.

Vanquished Creatures
  3 gnolls (D:2)
  5 adders (D:2)
  2 worms (D:2)
  4 dart slugs
  3 orcs (D:3)
  7 ball pythons
  2 endoplasms
  3 giant cockroaches (D:2)
  7 goblins
  5 hobgoblins
  3 jackals (D:1)
  3 bats
  4 frilled lizards
  4 kobolds
  9 rats
64 creatures vanquished.

Notes
Turn   | Place    | Note
-------+----------+-------------------------------------------
     0 | D:1      | qeuew the Hill Orc Fighter began the quest for the Orb.
     0 | D:1      | Reached XP level 1. HP: 19/19 MP: 1/1
   156 | D:1      | Reached XP level 2. HP: 27/27 MP: 2/2
   513 | D:1      | Reached XP level 3. HP: 32/33 MP: 3/3
   893 | D:2      | Found Ypnoun's General Store.
   901 | D:2      | Reached skill level 1 in Dodging
   904 | D:2      | Reached XP level 4. HP: 38/40 MP: 4/4
  1171 | D:2      | Reached XP level 5. HP: 13/47 MP: 5/5
  1369 | D:2      | Found a faded altar of an unknown god.
  1801 | D:3      | Succumbed to an orc wizard's poison

Illustrated notes

Levels and vault maps discovered:
D:1:      dpeg_arrival_ratfight, layout_loops_ring
D:2:      minmay_skewed_foursquare, layout_basic, nicolae_ecumenical_oubliette,
          serial_shops, shop, grunt_ministairs_4, nrook_campfire,
          kennysheep_generic_room_5
D:3:      layout_rooms, mainiacjoe_overflow_paths, serial_shops,
          nicolae_shop_temple_entry_statues_fountains

Skill      XL: |  1  2  3  4  5 |
---------------+----------------+-----
Axes           | 3 4 |  4.6
Fighting       | 4 |  4.4
Dodging        | 1 |  1.3
Armour         | 4 |  4.0
Shields        | |  3.9

Action                   |  1- 3 |  4- 6 || total
-------------------------+-------+-------++-------
Melee: War axe           |   102 |    70 ||   172
  Use: Scroll            |     6 |     5 ||    11
       Potion            |       |     3 ||     3
Armor: Scale mail        |    46 |    43 ||    89
Dodge: Dodged            |    47 |    47 ||    94
Block: Buckler           |    41 |    49 ||    90
       Reflection        |     3 |       ||     3

Table legend: (Time is in decaauts)
 A = Elapsed time spent in this place.
 B = Non-inter-level travel time spent in this place.
 C = Inter-level travel time spent in this place.
 D = Time resting spent in this place.
 E = Time spent auto-exploring this place.
 F = Levels seen in this place.
 G = Mean time per level.
                   A        B        C        D        E       F      G
               +--------+--------+--------+--------+--------+-----+--------+
         Total |   1861 |   1798 |     63 |      0 |   1400 |   3 |  620.3 |
       Dungeon |   1861 |   1798 |     63 |      0 |   1400 |   3 |  620.3 |
               +--------+--------+--------+--------+--------+-----+--------+

Top non-repeatable levels by time:
     D:2: 1017 daAuts
     D:1: 805 daAuts
     D:3: 38 daAuts
